 Dungeon Crawl Stone Soup version 0.29.1-2-gbd0b4ee654 (webtiles) character file.

Game seed: 1360834782670872884

602 MisterFreud the Shield-Bearer (level 7, -7/50 HPs)
             Began as a Formicid Gladiator on Nov 1, 2022.
             Mangled by a cyclops (27 damage)
             ... on level 12 of the Dungeon.
             The game lasted 00:06:22 (5073 turns).

MisterFreud the Shield-Bearer (Formicid Gladiator)  Turns: 5073, Time: 00:06:23

Health: -7/50      AC:  5    Str: 21    XL:     7   Next: 69%
Magic:  0/7        EV: 10    Int:  7    God:
Gold:   143        SH: 10    Dex: 15    Spells: 6/6 levels left

rFire   + . .      SeeInvis +   a - +3 quarterstaff
rCold   . . .      Faith    .   e - +0 kite shield
rNeg    . . .      Spirit   +   r - +0 ring mail
rPois   .          Reflect  .   (helmet unavailable)
rElec   .          Harm     .   (no cloak)
rCorr   .          Rampage  .   (no gloves)
Will    .....                   (no boots)
Stlth   +.........              q - amulet of guardian spirit
HPRegen 0.16/turn               s - ring of protection from fire
MPRegen 0.10/turn               (no ring)

@: no status effects
A: permanent stasis, dig shafts and tunnels, antennae 3, four strong arms
a: Dig, Shaft Self


You were on level 12 of the Dungeon.
You visited 1 branch of the dungeon, and saw 9 of its levels.

You collected 143 gold pieces.

Inventory:

Hand Weapons
 a - a +3 quarterstaff (weapon)
Missiles
 c - 3 throwing nets (quivered)
 d - a javelin
 f - 4 boomerangs
 i - 5 poisoned darts
 o - 3 silver javelins
Armour
 b - a +0 leather armour
 e - a +0 kite shield (worn)
 r - a +0 ring mail (worn)
Jewellery
 q - an amulet of guardian spirit (around neck)
 s - a ring of protection from fire (left hand)
Wands
 t - a wand of iceblast (3)
Potions
 g - a potion of lignification
 h - a potion of flight
 j - a potion of haste {unknown}
 k - 2 potions of curing
 l - a potion of cancellation
 m - 2 potions of brilliance
 n - a potion of ambrosia
 p - a potion of attraction {unknown}


   Skills:
 - Level 2.1 Fighting
 - Level 6.0 Staves
 - Level 2.0 Throwing
 - Level 2.6 Dodging
 + Level 7.4 Shields


You had 6 spell levels left.
You didn't know any spells.
Your spell library contained the following spells:

 Spells                   Type           Power      Damage    Failure   Level
 Scorch                   Fire           0%         2d5       94%         2
 Searing Ray              Conj           0%         2d4       94%         2
 Wereblood                Tmut           0%         N/A       94%         2
 Ignite Poison            Fire/Tmut/Pois 0%         N/A       99%         3
 Mephitic Cloud           Conj/Pois/Air  0%         N/A       99%         3
 Tukima's Dance           Hex            0%         N/A       99%         3
 Passage of Golubria      Tloc           0%         N/A       100%        4
 Freezing Cloud           Conj/Ice/Air   0%         6-21      100%        5
 Yara's Violent Unravell  Hex/Tmut       0%         3d3       100%        5


Dungeon Overview and Level Annotations

Branches:
Dungeon (13/15)
 Temple: D:4-7         Lair: D:8-11         Orc: D:9-12      Vaults: D:13-14

Altars:
Cheibriados
Sif Muna
Uskayaw
Xom
Yredelemnul
The Shining One

Shops:
D:1 ?

Annotations:
D:2 Robin
D:4 1 runed translucent door
D:12 Frances


Innate Abilities, Weirdness & Mutations

You cannot be hasted, slowed, berserked, paralysed or teleported.
You can dig through walls and to a lower floor.
You have a pair of large antennae on your head. (SInv)
Your four strong arms can wield two-handed weapons with a shield.


Message History

It was a scroll of magic mapping.
Found a stone staircase leading down.
A tengu warrior comes into view. It is wielding a +0 battleaxe.
The tengu warrior shouts!
Found a broad axe.
Found a stone staircase leading up.
There is a stone staircase leading up here.
You hear the loud crackling of a distant melting archway.
You climb upwards.
Found a red potion and a book of Storms.
There is a stone staircase leading down here.
A cyclops comes into view.
Found 13 gold pieces.
You see here a red potion.
A troll comes into view.
The troll shouts!
You hit the cyclops.
The cyclops is lightly wounded.
The cyclops closely misses you.
You hit the cyclops.
The cyclops is lightly wounded.
You completely miss the cyclops.
The cyclops is lightly wounded.
The cyclops closely misses you.
You sock the cyclops!
The cyclops is moderately wounded.
Frances, Duchess of Pandemonium comes into view.
She is wielding a +0 dire flail.
You block the cyclops's attack.
You barely miss the cyclops.
The cyclops is moderately wounded.
Frances shouts!
The cyclops hits you!!
Are you sure you want to shaft yourself?
Frances screams a word of power!
You block the troll's attack. x2; The troll claws you!
You begin to dig a shaft.
You continue digging a shaft.
The troll bites you. The troll barely misses you. You block the troll's attack.
The cyclops hits you!!
Ouch! That really hurt!
You die...

.....# #.......
........####.......
.........#....#...#
.......#.....##..##
.......#:.........#
..................#
..................#
..................#
..@...C@...>.....#
4.....T...!.....##
...$...##......##
#.##.## ###...## #
## #####


You could see Frances, an orange demon (summoned), a cyclops and a troll.

Vanquished Creatures
  A centaur (D:13)
  An ogre (D:3)
  A human zombie (D:4)
  An orc wizard (D:7)
  4 gnolls (D:3)
  4 adders (D:3)
  A worm (D:2)
  6 orcs
  3 ball pythons
  7 endoplasms
  4 giant cockroaches
  5 goblins
  10 hobgoblins
  2 jackals (D:4)
  6 quokkas
  4 bats
  A frilled lizard (D:1)
  7 kobolds
  4 rats
72 creatures vanquished.

Vanquished Creatures (collateral kills)
  3 centaurs (D:13)
3 creatures vanquished.

Grand Total: 75 creatures vanquished

Notes
Turn   | Place    | Note
-------+----------+-------------------------------------------
     0 | D:1      | MisterFreud the Formicid Gladiator began the quest for the
                  | Orb.
     0 | D:1      | Reached XP level 1. HP: 16/16 MP: 1/1
   186 | D:1      | Found Tem Dioz's Magic Scroll Emporium.
   193 | D:1      | Reached skill level 1 in Shields
   447 | D:1      | Reached XP level 2. HP: 22/22 MP: 2/2
   714 | D:1      | Reached skill level 2 in Shields
   817 | D:1      | Reached XP level 3. HP: 24/27 MP: 3/3
  1675 | D:2      | Noticed Robin
  1688 | D:2      | You fall into a shaft and drop 2 floors!
  1994 | D:3      | Reached skill level 3 in Shields
  1994 | D:3      | Reached XP level 4. HP: 19/33 MP: 4/4
  2009 | D:3      | HP: 2/49 [gnoll/+0 whip of venom (1)]
  2419 | D:3      | Reached XP level 5. HP: 36/38 MP: 5/5
  2439 | D:3      | Identified the +2 short sword of Cocytus {vorpal, Int+4
                  | Stlth+}
  2457 | D:3      | Found a shimmering altar of Xom.
  2459 | D:3      | Found a glowing golden altar of the Shining One.
  2513 | D:3      | Reached skill level 4 in Shields
  2676 | D:3      | Found a faded altar of an unknown god.
  2736 | D:3      | Noticed an ogre
  2744 | D:3      | Killed an ogre
  2745 | D:3      | Reached XP level 6. HP: 14/44 MP: 2/6
  3010 | D:3      | Reached skill level 5 in Staves
  3083 | D:3      | Reached skill level 5 in Shields
  3290 | D:4      | Found a runed translucent door.
  3290 | D:4      | Noticed a human
  3296 | D:4      | Found a basalt altar of Yredelemnul.
  3385 | D:4      | Found a snail-covered altar of Cheibriados.
  3429 | D:4      | Noticed a black bear
  3446 | D:4      | HP: 2/44 [frozen (1)]
  3447 | D:4      | You fall into a shaft and drop 3 floors!
  3447 | D:7      | Found a shimmering blue altar of Sif Muna.
  3792 | D:7      | You fall into a shaft and drop 2 floors!
  3793 | D:9      | Got Simple Hermeneutics
  4056 | D:9      | Noticed a kobold demonologist
  4131 | D:8      | Noticed a yak
  4131 | D:8      | Noticed a yak
  4131 | D:8      | Noticed a yak
  4131 | D:8      | Noticed a yak
  4131 | D:8      | Found a hide-covered altar of Uskayaw.
  4140 | D:9      | You fall into a shaft and drop 3 floors!
  4415 | D:12     | Noticed a wraith
  4430 | D:12     | Noticed an acid dragon
  4430 | D:12     | Noticed a vampire
  4673 | D:13     | Noticed a deep elf pyromancer
  4687 | D:13     | Reached XP level 7. HP: 35/48 MP: 4/7
  4793 | D:13     | HP: 2/48 [centaur/arrow (8)]
  4794 | D:13     | Reached skill level 6 in Shields
  4798 | D:13     | Reached skill level 7 in Shields
  5036 | D:13     | Noticed a tengu warrior
  5063 | D:12     | Noticed a cyclops
  5066 | D:12     | Noticed a troll
  5070 | D:12     | Noticed Frances
  5073 | D:12     | Noticed an orange demon
  5073 | D:12     | Mangled by a cyclops

Illustrated notes

Levels and vault maps discovered:
D:1:      co_arrival_square_in_a_square_in_a_square, layout_loops_ring,
          serial_shops, nicolae_diamond_shop
D:2:      layout_basic, hangedman_abyss_or_decor_stabs, grunt_decor_junction,
          chequers_garden, uniq_sigmund, uniq_robin
D:3:      layout_basic, mainiacjoe_overflow_catwalk_spiral,
          shapermc_ecumenical_altar_mp_highgroup
D:4:      layout_cave_pools, cheibriados_altar_1, dk_yredelemnul_ordeal,
          mainiacjoe_overflow_paths, minitemple, uniq_crazy_yiuf_cottage
D:7:      layout_basic, kennysheep_little_box, chequers_serial_rivers_micro_e
D:8:      layout_cave_pods, eat_drink_and_be_merry_uskayaw, serial_shops,
          kennysheep_mini_moat, serial_bayou_lagoon_b
D:9:      layout_rooms, lemuel_tele_altar, hiddenorc1_lemuel,
          amcnicky_mini_rare_corridor_liquid, uniq_harold, uniq_gastronok,
          uniq_grum
D:12:     kennysheep_snake, layout_cave_pools, serial_shops, shop,
          gammafunk_ghost_berserking_beasts, uniq_frances
D:13:     layout_basic, david_vaults_5, portal_ice_cave_entry_imps

Skill      XL: |  1  2  3  4  5  6  7 |
---------------+----------------------+-----
Shields        | 1 2 3 4 5 7 |  7.4
Staves         | 4 5 6 |  6.0
Fighting       | |  2.1
Throwing       | |  2.0
Dodging        | |  2.6

Action                   |  1- 3 |  4- 6 |  7- 9 || total
-------------------------+-------+-------+-------++-------
Melee: Quarterstaff      |   111 |   151 |     5 ||   267
 Abil: Shaft Self        |     1 |     3 |     1 ||     5
       Dig               |       |     1 |       ||     1
Evoke: Wand              |       |       |     1 ||     1
  Use: Potion            |       |     3 |     2 ||     5
       Scroll            |       |     8 |     4 ||    12
Armor: Leather armour    |    17 |     1 |       ||    18
       Skin              |       |     7 |     2 ||     9
       Ring mail         |       |    37 |       ||    37
Dodge: Dodged            |    54 |    52 |     5 ||   111
Block: Kite shield       |    48 |    85 |     9 ||   142
